AoeStats
← MattAtArms

Arabia

507495732Analyzed
1v1 RM · 14d ago on Sep 18, 2026· 53m 28s· 2 players
Game mode
Random Map
Map size
Tiny (2 player)
Population
200
Speed
Normal
Resources
Standard
Victory
Conquest
Starting age
Dark Age
Ending age
Imperial Age
RankedLock teamsTeams togetherTeam positionsShared explorationLock speedFull tech treeHidden civsTurbo modeCheats
Victory
Defeat
🇩🇪 Celts · Germany
1914
+14
🇬🇧 Hindustanis · United Kingdom
1863
-14
MattAtArms
8:20 Feudal Age
7:19 Loom
12:16 Double-Bit Axe
13:43 Fletching
21:54 Castle Age
20:35 Gold Mining
20:39 Horse Collar
21:47 Bloodlines
22:05 Padded Archer Armor
22:33 Bodkin Arrow
23:25 Bow Saw
26:50 Ballistics
27:24 Wheelbarrow
30:38 Ballistics
37:38 Imperial Age
36:09 Thumb Ring
36:07 Padded Archer Armor
38:21 Leather Archer Armor
38:35 Hand Cart
38:56 Bracer
39:57 Chemistry
40:04 Heavy Cavalry Archer
42:10 Scale Barding Armor
42:15 Forging
41:27 Light Cavalry
43:18 Chain Barding Armor
43:05 Hussar
45:48 Plate Barding Armor
47:18 Heavy Plow
50:05 Ring Archer Armor
50:56 Iron Casting
51:16 Town Watch
52:22 Conscription
53:49 Blast Furnace
Umdeuter
7:07 Loom
9:45 Feudal Age
10:15 Double-Bit Axe
15:50 Fletching
20:18 Castle Age
20:07 Horse Collar
20:19 Gold Mining
23:36 Elite Skirmisher
24:13 Bodkin Arrow
27:26 Town Watch
29:06 Heavy Plow
30:25 Padded Archer Armor
35:21 Imperial Age
33:36 Wheelbarrow
33:41 Stronghold
35:05 Scale Mail Armor
34:52 Arson
36:05 Hand Cart
36:23 Chain Mail Armor
37:36 Masonry
36:48 Capped Ram
38:21 Conscription
38:33 Plate Mail Armor
39:11 Forging
40:22 Chemistry
40:07 Conscription
40:16 Bow Saw
40:40 Leather Archer Armor
40:48 Ballistics
41:08 Iron Casting
42:12 Hoardings
42:43 Capped Ram
43:05 Treadmill Crane
44:33 Ring Archer Armor
44:24 Siege Engineers
46:11 Blast Furnace
46:54 Furor Celtica
46:08 Elite Woad Raider
48:14 Scale Barding Armor
47:36 Heavy Scorpion
49:53 Furor Celtica
50:07 Guilds
49:53 Pikeman
52:12 Chain Barding Armor
52:15 Siege Ram
52:57 Halberdier
Connection lost

Rejoining the realm…

Still unreachable

The connection could not be restored.

Session expired

The server has moved on; the page needs a fresh start.